 Dungeon Crawl Stone Soup version 0.31.0-11-ge490571c62 (webtiles) character file.

Game seed: 2807745223141657692

47164 qw the Spry (level 14, -2/72 HPs)
             Began as a Spriggan Hunter on Feb 4, 2024.
             Was a High Priest of Okawaru.
             Slain by a wolf spider (11 damage)
             ... on level 5 of the Lair of Beasts.
             The game lasted 00:03:45 (13228 turns).

qw the Spry (Spriggan Hunter)                      Turns: 13228, Time: 00:03:46

Health: -2/72      AC: 10    Str: 13    XL:     14   Next: 7%
Magic:  22/22      EV: 34    Int:  9    God:    Okawaru [*****.]
Gold:   569        SH:  0    Dex: 23    Spells: 13/13 levels left

rFire   + . .        c - +2 orcbow (freeze)
rCold   . . .        (shield currently unavailable)
rNeg    + + .        l - +2 troll leather armour {Pargi}
rPois   .            (helmet restricted)
rElec   .            i - +4 cloak "Cegebow" {rF+ rN+ Int-2}
rCorr   .            (gloves unavailable)
SInv    +            (boots unavailable)
Will    ++...        j - amulet of regeneration
Stlth   ++           e - +6 ring of strength
HPRegen 1.92/turn    p - ring of positive energy
MPRegen 0.18/turn

%: no passive effects
@: lethally poisoned (-2 -> -3), very quick
A: very small, no large weapons, unfitting armour, see invisible, speed 3
a: Renounce Religion, Heroism, Finesse, Duel


You were on level 5 of the Lair of Beasts.
You worshipped Okawaru.
Okawaru was extremely pleased with you.
You visited 3 branches of the dungeon, and saw 16 of its levels.
You also visited: Sewer.

You collected 911 gold pieces.
You spent 342 gold pieces at shops.


Innate Abilities, Weirdness & Mutations

You are very small and have problems with some larger weapons.
You are too small for most types of armour.
You have supernaturally acute eyesight. (SInv)
You cover ground extremely quickly. (Speed+++)


   Skills:
 + Level 7.8 Fighting
 - Level 16.0 Ranged Weapons
 - Level 1.0 Armour
 - Level 18.0 Dodging
 - Level 1.5 Stealth
 - Level 10.0 Invocations


You had 13 spell levels left.
You didn't know any spells.
Your spell library was empty.

Inventory:

Hand Weapons
 c - a +2 orcbow of freezing (weapon)
Armour
 i - the +4 cloak "Cegebow" (worn) {rF+ rN+ Int-2}
   (You found it on level 8 of the Dungeon)

   Int-2:     It affects your intelligence (-2).
   rF+:       It protects you from fire.
   rN+:       It protects you from negative energy.
 l - a +2 troll leather armour (worn) {Pargi}
Jewellery
 b - a ring of fire
 e - a +6 ring of strength (left hand)
 j - an amulet of regeneration (around neck)
 p - a ring of positive energy (right hand)
 q - a ring of ice
Wands
 g - a wand of acid (2)
 h - a wand of polymorph (5)
 m - a wand of mindburst (35)
 v - a wand of roots (5)
Scrolls
 o - 6 scrolls of identify
Potions
 a - a potion of enlightenment
 d - 7 potions of curing
 f - 3 potions of might
 k - 2 potions of mutation

Dungeon Overview and Level Annotations

Branches:
Dungeon (10/15)            Temple (1/1) D:4            Lair (5/5) D:10
  Swamp (0/4) Lair:3        Snake (0/4) Lair:2        Slime (0/5) Lair:5
  Sewer (visited)
    Orc: D:9-12

Altars:
Ashenzari
Cheibriados
Dithmenos
Elyvilon
Fedhas
Gozag
Hepliaklqana
Kikubaaqudgha
Makhleb
Nemelex Xobeh
Okawaru
Qazlal
Ru
Sif Muna
Trog
Uskayaw
Vehumet
Wu Jian
Xom
Yredelemnul
Zin
The Shining One
Jiyva

Shops:
D:5 ?   D:9 =   D:10 [

Portals:
Abyss: Lair:1

Annotations:
D:9 3 runed translucent doors, qw's ghost, novice GrHu
D:10 3 runed translucent doors
Lair:1 2 transporters, qw's ghost, novice DjHu
Lair:3 2 transporters, qw's ghost, journeyman DEHu
Lair:4 exclusions: electric eel and oklob plant
Lair:5 exclusion: 2 death yaks


Message History

The hornet is engulfed in a cloud of scalding steam.
The hornet completely misses you.
You shoot an arrow.
The arrow hits the wolf spider but does no damage.
The wolf spider is severely wounded.
You feel very sick. The wolf spider barely misses you.
The wolf spider completely misses you.
The hornet is engulfed in a cloud of scalding steam.
The hornet closely misses you.
You shoot an arrow. The arrow hits the hornet!
The arrow freezes the hornet.
You kill the hornet!
Okawaru accepts your kill.
You feel very sick.
The wolf spider completely misses you. x2
You shoot an arrow.
The arrow closely misses the wolf spider.
You feel sick. The wolf spider barely misses you.
The wolf spider completely misses you. The steam dragon completely misses you.
The steam dragon claws you but does no damage.
The wolf spider closely misses you. The wolf spider barely misses you.
You shoot an arrow. The arrow hits the wolf spider.
The arrow freezes the wolf spider.
The wolf spider is severely wounded.
You feel very sick.
The wolf spider hits you but does no damage.
The wolf spider completely misses you.
You shoot an arrow.
The arrow closely misses the wolf spider.
You feel sick.
An iguana comes into view.
The steam dragon breathes steam at you. The ball of steam misses you.
The wolf spider completely misses you.
The wolf spider bites you but does no damage.
You shoot an arrow. The arrow hits the wolf spider.
The arrow freezes the wolf spider.
The wolf spider is almost dead.
You feel sick. The steam dragon completely misses you.
The steam dragon barely misses you. The wolf spider misses you.
The wolf spider bites you!
You die...

#..###.....#..####.
#....###.....## ##
##.....###...#
#........###.#
##..¤¤.....###
##..¤.¤....#
#...¤¤¤..###
##.¤...### #.@..###
#Ds### #.$. 7.....
.##..## 7~.....
P....# ~.......##
##....# l......###.
#......
~!~P....##...
##...... #PP..
#.P....P


You could see a wolf spider, a steam dragon and an iguana.

Vanquished Creatures
  4 hydras
  A boulder beetle (Lair:3)
  3 death yaks (Lair:5)
  A wolf spider (Lair:5)
  24 elephants
  A guardian serpent (Lair:5)
  2 torpor snails (Lair:5)
  8 black mambas
  Jeremiah (D:8)
  3 rime drakes
  14 cane toads
  10 komodo dragons
  7 polar bears
  2 hornets (Lair:5)
  5 blink frogs
  4 dream sheep (Lair:5)
  3 slime creatures (D:8)
  11 wyverns
  45 yaks
  A wraith (D:9)
  2 basilisks
  2 steam dragons
  A redback (Lair:5)
  17 water moccasins
  5 orc warriors
  12 black bears
  Pargi (Sewer)
  A sky beast (D:7)
  28 wolves
  5 ogres
  3 centaurs (D:7)
  A kobold brigand (D:10)
  A brain worm (Sewer)
  3 scorpions
  10 bullfrogs
  2 gnoll sergeants
  9 wights
  5 killer bees (D:9)
  5 electric eels
  4 howler monkeys
  A bombardier beetle (D:3)
  11 orc priests
  3 hounds
  6 jellies
  2 gnoll boudas
  A sleepcap (D:6)
  3 iguanas
  15 orc wizards
  17 gnolls
  21 adders
  13 white imps
  2 ufetubi (D:6)
  4 dart slugs
  A ribbon worm (D:3)
  30 orcs
  8 ball pythons
  4 bats
  7 endoplasms
  6 giant cockroaches
  17 goblins
  4 hobgoblins
  8 jackals
  2 quokkas
  6 frilled lizards
  18 kobolds
  6 rats
483 creatures vanquished.

Notes
Turn   | Place    | Note
-------+----------+-------------------------------------------
     0 | D:1      | qw the Spriggan Hunter began the quest for the Orb.
     0 | D:1      | Reached XP level 1. HP: 10/10 MP: 2/2
     0 | D:1      | 0 ||| qw: Version: 0.3-a-160-g6735b56
     0 | D:1      | 0 ||| qw: Game counter: 5114
     0 | D:1      | 0 ||| qw: Melee chars always use a shield: true
     0 | D:1      | 0 ||| qw: God list: Okawaru
     0 | D:1      | 0 ||| qw: Allow faded altars: false
     0 | D:1      | 0 ||| qw: Do Orc after clearing Dungeon:15 true
     0 | D:1      | 0 ||| qw: Do second Lair branch before Depths: true
     0 | D:1      | 0 ||| qw: Lair rune preference: random
     0 | D:1      | 0 ||| qw: Goals: Normal
     0 | D:1      | 0 ||| PLANNING D:1-11
    59 | D:1      | Reached skill level 3 in Dodging
   133 | D:1      | Reached XP level 2. HP: 14/14 MP: 3/3
   143 | D:1      | Reached skill level 4 in Dodging
   454 | D:1      | Reached XP level 3. HP: 18/18 MP: 4/4
   872 | D:1      | 872 ||| READING scroll labelled JIOLAYROEH.
   872 | D:1      | 872 ||| ENCHANTING +0 shortbow.
   873 | D:1      | 873 ||| READING scroll labelled GESAOFF BOTH.
   974 | D:1      | 974 ||| READING scroll labelled VOZASKAKAU.
   978 | D:1      | 978 ||| READING scroll labelled IQOUTE JIUCKO.
   978 | D:1      | 978 ||| BRANDING +1 shortbow.
   979 | D:1      | 979 ||| READING scroll labelled CEOMOI FICEA.
   980 | D:1      | 980 ||| DRINKING 2 yellow potions.
   981 | D:1      | 981 ||| DRINKING 2 metallic white potions.
  1086 | D:1      | 1086 ||| DROPPING scroll of butterflies.
  1087 | D:1      | 1087 ||| DROPPING potion of berserk rage.
  1302 | D:2      | 1302 ||| FLEEEEING.
  1303 | D:2      | 1303 ||| FLEEEEING.
  1304 | D:2      | 1304 ||| FLEEEEING.
  1305 | D:2      | 1305 ||| FLEEEEING.
  1639 | D:2      | 1639 ||| DROPPING amulet of magic regeneration.
  1640 | D:2      | 1640 ||| UPGRADING to +6 ring of strength.
  1641 | D:2      | 1641 ||| READING scroll labelled LATZIANWYU.
  1662 | D:3      | 1662 ||| PLANNING SEWER
  1679 | D:3      | Reached XP level 4. HP: 22/22 MP: 5/5
  1684 | D:3      | Reached skill level 5 in Dodging
  1709 | D:3      | Found a blossoming altar of Fedhas.
  1724 | D:3      | Reached XP level 5. HP: 26/26 MP: 6/6
  1724 | D:3      | Found a glowing drain.
  1733 | Sewer    | Entered a sewer
  1799 | Sewer    | Noticed Pargi
  1814 | Sewer    | Killed Pargi
  1815 | Sewer    | Reached skill level 6 in Ranged Weapons
  1815 | Sewer    | Reached XP level 6. HP: 13/30 MP: 7/7
  1937 | Sewer    | 1937 ||| UPGRADING to +0 troll leather armour {Pargi}.
  1947 | Sewer    | 1947 ||| DROPPING +0 robe.
  1948 | Sewer    | 1948 ||| READING scroll labelled DUITUG OTS.
  1948 | Sewer    | 1948 ||| ENCHANTING +0 troll leather armour {Pargi}.
  1949 | Sewer    | 1949 ||| READING scroll labelled HEASUES SUMA.
  1950 | Sewer    | 1950 ||| READING scroll labelled JUADAI FOKHLICS.
  1950 | Sewer    | Identified a scroll of acquirement
  1950 | Sewer    | 1950 ||| ACQUIRING +1 shortbow of freezing
  1950 | Sewer    | Acquired a +1 shortbow of freezing
  1952 | Sewer    | 1952 ||| READING scroll labelled BAPIGO ANTEIPN.
  1953 | Sewer    | 1953 ||| DRINKING 2 purple potions.
  1967 | D:3      | 1967 ||| PLANNING D:1-11
  2009 | D:3      | 2009 ||| FLEEEEING.
  2010 | D:3      | 2010 ||| FLEEEEING.
  2011 | D:3      | 2011 ||| FLEEEEING.
  2012 | D:3      | 2012 ||| FLEEEEING.
  2013 | D:3      | 2013 ||| FLEEEEING.
  2014 | D:3      | 2014 ||| FLEEEEING.
  2107 | D:3      | Reached skill level 6 in Dodging
  2157 | D:3      | Found Sacuu's Assorted Antiques.
  2408 | D:3      | Found a white marble altar of Elyvilon.
  3000 | D:4      | Found a staircase to the Ecumenical Temple.
  3001 | D:4      | 3001 ||| PLANNING TEMPLE
  3001 | D:4      | 3001 ||| READING scroll labelled VUQ MOABOQOMN.
  3001 | D:4      | 3001 ||| IDENTIFYING dark potion
  3002 | D:4      | 3002 ||| DROPPING potion of degeneration.
  3010 | Temple   | Entered the Ecumenical Temple
  3011 | Temple   | 3011 ||| PLANNING OKAWARU WORSHIP
  3015 | Temple   | Became a worshipper of Warmaster Okawaru
  3016 | Temple   | 3016 ||| PLANNING D:1-11
  3083 | D:4      | Reached XP level 7. HP: 35/35 MP: 8/8
  3088 | D:4      | 3088 ||| READING scroll of enchant armour.
  3088 | D:4      | 3088 ||| ENCHANTING +1 troll leather armour {Pargi}.
  3369 | D:5      | Entered Level 5 of the Dungeon
  3547 | D:5      | Found Miblu's Magic Scroll Shop.
  3559 | D:5      | 3559 ||| RETREEEEATING.
  3562 | D:5      | Reached skill level 7 in Dodging
  3746 | D:5      | Reached * piety under Okawaru
  3747 | D:5      | Reached skill level 3 in Fighting
  3923 | D:5      | 3923 ||| BUYING scroll of identify (22 gold).
  3923 | D:5      | Bought a scroll of identify for 22 gold pieces
  4092 | D:5      | 4092 ||| READING scroll of identify.
  4092 | D:5      | 4092 ||| IDENTIFYING inky potion
  4093 | D:5      | 4093 ||| READING 2 scrolls labelled YNIXIEBBA SENOCW.
  4094 | D:5      | 4094 ||| READING scroll labelled ZEANOU BYDDETIATO.
  4095 | D:5      | 4095 ||| DRINKING 4 metallic red potions.
  4096 | D:5      | 4096 ||| DROPPING 3 potions of attraction.
  4097 | D:5      | 4097 ||| DROPPING scroll of revelation.
  4099 | D:5      | 4099 ||| Stepping ~*~*~tactically~*~*~ (cloud).
  4160 | D:6      | Found a broken altar of Ashenzari.
  4170 | D:6      | Reached XP level 8. HP: 40/40 MP: 9/9
  4183 | D:6      | Found a bloodstained altar of Trog.
  4228 | D:6      | 4228 ||| RETREEEEATING.
  4230 | D:6      | 4230 ||| RETREEEEATING.
  4234 | D:6      | Reached skill level 1 in Invocations
  4289 | D:6      | Reached skill level 8 in Dodging
  4328 | D:6      | 4328 ||| RETREEEEATING.
  4331 | D:6      | 4331 ||| RETREEEEATING.
  4332 | D:6      | 4332 ||| RETREEEEATING.
  4334 | D:6      | 4334 ||| RETREEEEATING.
  4336 | D:6      | Reached skill level 3 in Invocations
  4337 | D:6      | 4337 ||| RETREEEEATING.
  4338 | D:6      | 4338 ||| RETREEEEATING.
  4340 | D:6      | 4340 ||| RETREEEEATING.
  4341 | D:6      | 4341 ||| RETREEEEATING.
  4350 | D:6      | HP: 5/40 [wight/+4 dagger (7)]
  4351 | D:6      | 4351 ||| READING scroll of teleportation.
  4352 | D:6      | 4352 ||| DRINKING potion of heal wounds.
  4394 | D:6      | Found an opulent altar of Gozag.
  4586 | D:6      | 4586 ||| RETREEEEATING.
  4587 | D:6      | 4587 ||| RETREEEEATING.
  4588 | D:6      | 4588 ||| RETREEEEATING.
  4589 | D:6      | 4589 ||| RETREEEEATING.
  4590 | D:6      | 4590 ||| RETREEEEATING.
  4591 | D:6      | 4591 ||| RETREEEEATING.
  4592 | D:6      | 4592 ||| RETREEEEATING.
  4593 | D:6      | 4593 ||| RETREEEEATING.
  4594 | D:6      | 4594 ||| RETREEEEATING.
  4595 | D:6      | 4595 ||| RETREEEEATING.
  4596 | D:6      | 4596 ||| RETREEEEATING.
  4597 | D:6      | 4597 ||| RETREEEEATING.
  4598 | D:6      | 4598 ||| RETREEEEATING.
  4599 | D:6      | 4599 ||| RETREEEEATING.
  4602 | D:6      | 4602 ||| RETREEEEATING.
  4603 | D:6      | 4603 ||| RETREEEEATING.
  4604 | D:6      | 4604 ||| RETREEEEATING.
  4605 | D:6      | 4605 ||| RETREEEEATING.
  4613 | D:6      | Reached ** piety under Okawaru
  4614 | D:6      | Reached skill level 9 in Ranged Weapons
  4628 | D:6      | Reached XP level 9. HP: 44/44 MP: 13/13
  4634 | D:6      | Reached skill level 9 in Dodging
  4711 | D:6      | 4711 ||| READING scroll of identify.
  4711 | D:6      | 4711 ||| IDENTIFYING grey potion
  4712 | D:6      | 4712 ||| DROPPING potion of brilliance.
  4943 | D:7      | 4943 ||| SWAPPING to +0 orcbow.
  4944 | D:7      | 4944 ||| DROPPING +1 shortbow of draining.
  4945 | D:7      | 4945 ||| DROPPING +1 shortbow of freezing.
  5111 | D:7      | 5111 ||| Stepping ~*~*~tactically~*~*~ (cloud).
  5161 | D:7      | 5161 ||| RETREEEEATING.
  5164 | D:7      | 5164 ||| RETREEEEATING.
  5165 | D:7      | 5165 ||| RETREEEEATING.
  5166 | D:7      | 5166 ||| RETREEEEATING.
  5168 | D:7      | 5168 ||| RETREEEEATING.
  5169 | D:7      | 5169 ||| RETREEEEATING.
  5171 | D:7      | 5171 ||| RETREEEEATING.
  5172 | D:7      | 5172 ||| RETREEEEATING.
  5173 | D:7      | 5173 ||| RETREEEEATING.
  5175 | D:7      | 5175 ||| RETREEEEATING.
  5176 | D:7      | 5176 ||| RETREEEEATING.
  5177 | D:7      | 5177 ||| RETREEEEATING.
  5179 | D:7      | 5179 ||| RETREEEEATING.
  5180 | D:7      | Reached *** piety under Okawaru
  5198 | D:7      | 5198 ||| SWAPPING to +1 orcbow of freezing.
  5199 | D:7      | 5199 ||| DROPPING +0 orcbow.
  5217 | D:7      | Reached skill level 10 in Dodging
  5529 | D:7      | 5529 ||| UPGRADING to amulet of regeneration.
  5534 | D:7      | 5534 ||| READING scroll labelled VEEMUI OSTRIAPS.
  5573 | D:8      | 5573 ||| STAIRDANCE
  5579 | D:8      | 5579 ||| STAIRDANCE
  5637 | D:8      | Reached skill level 11 in Dodging
  5679 | D:8      | Reached **** piety under Okawaru
  5680 | D:8      | Found a flagged portal.
  5684 | D:8      | Identified the +4 cloak "Cegebow" {rF+ rN+ Int-2}
  5877 | D:8      | Reached XP level 10. HP: 49/49 MP: 14/14
  5925 | D:8      | Noticed Jeremiah
  5941 | D:8      | 5941 ||| FLEEEEING.
  5945 | D:8      | 5945 ||| FLEEEEING.
  5993 | D:8      | 5993 ||| READING scroll of teleportation.
  5996 | D:8      | 5996 ||| FLEEEEING.
  5997 | D:8      | 5997 ||| FLEEEEING.
  5998 | D:8      | 5998 ||| FLEEEEING.
  5999 | D:8      | 5999 ||| FLEEEEING.
  6000 | D:8      | 6000 ||| FLEEEEING.
  6001 | D:8      | 6001 ||| FLEEEEING.
  6002 | D:8      | 6002 ||| FLEEEEING.
  6003 | D:8      | 6003 ||| FLEEEEING.
  6004 | D:8      | 6004 ||| FLEEEEING.
  6005 | D:8      | 6005 ||| FLEEEEING.
  6006 | D:8      | 6006 ||| FLEEEEING.
  6007 | D:8      | 6007 ||| FLEEEEING.
  6008 | D:8      | 6008 ||| FLEEEEING.
  6109 | D:8      | HP: 11/44 [Jeremiah/+2 trident of draining (3)]
  6110 | D:8      | 6110 ||| DRINKING 2 potions of heal wounds.
  6112 | D:8      | Killed Jeremiah
  6414 | D:8      | Found the +10 dark maul {heavy}
  6645 | D:8      | Found a sparkling altar of Nemelex Xobeh.
  6770 | D:8      | 6770 ||| UPGRADING to +4 cloak "Cegebow" {rF+ rN+ Int-2}.
  6775 | D:8      | 6775 ||| DRINKING 2 puce potions.
  6776 | D:8      | 6776 ||| DRINKING 3 potions of curing.
  6776 | D:8      | 6776 ||| (to cure confusion)
  6777 | D:8      | 6777 ||| DROPPING potion of ambrosia.
  6920 | D:9      | 6920 ||| RETREEEEATING.
  6930 | D:9      | Reached skill level 6 in Invocations
  7015 | D:9      | Found a runed translucent gate.
  7016 | D:9      | Found a runed translucent gate.
  7017 | D:9      | Noticed a two-headed ogre
  7019 | D:9      | Noticed qw's ghost (novice GrHu)
  7020 | D:9      | Noticed a two-headed ogre
  7022 | D:9      | Found a runed translucent gate.
  7162 | D:9      | Found Daawuuni's Jewellery Boutique.
  7165 | D:9      | 7165 ||| SHOPLISTING +6 ring of dexterity (576 gold, have
                  | 357).
  7165 | D:9      | 7165 ||| SHOPLISTING +6 ring of strength (576 gold, have
                  | 357).
  7165 | D:9      | 7165 ||| SHOPLISTING amulet of faith (640 gold, have 357).
  7165 | D:9      | 7165 ||| BUYING ring of positive energy (320 gold).
  7165 | D:9      | Bought a ring of positive energy for 320 gold pieces
  7165 | D:9      | 7165 ||| SHOPLISTING ring of willpower (400 gold, have 37).
  7307 | D:9      | Noticed a fire crab
  7339 | D:9      | 7339 ||| UPGRADING to ring of positive energy.
  7340 | D:9      | 7340 ||| READING scroll of identify.
  7340 | D:9      | 7340 ||| IDENTIFYING silvery potion
  7341 | D:9      | 7341 ||| READING scroll labelled NUNWUR RAIV.
  7377 | D:10     | Entered Level 10 of the Dungeon
  7380 | D:10     | Found a runed translucent gate.
  7380 | D:10     | Found a runed translucent gate.
  7380 | D:10     | Found a runed translucent gate.
  7400 | D:10     | Found Kieni Evu's Antique Armour Shop.
  7478 | D:10     | 7478 ||| RETREEEEATING.
  7481 | D:10     | 7481 ||| RETREEEEATING.
  7487 | D:10     | 7487 ||| RETREEEEATING.
  7488 | D:10     | 7488 ||| RETREEEEATING.
  7490 | D:10     | 7490 ||| RETREEEEATING.
  7491 | D:10     | 7491 ||| RETREEEEATING.
  7492 | D:10     | 7492 ||| RETREEEEATING.
  7493 | D:10     | 7493 ||| RETREEEEATING.
  7495 | D:10     | 7495 ||| RETREEEEATING.
  7498 | D:10     | 7498 ||| RETREEEEATING.
  7499 | D:10     | 7499 ||| RETREEEEATING.
  7501 | D:10     | 7501 ||| RETREEEEATING.
  7505 | D:10     | Reached skill level 1 in Armour
  7536 | D:10     | 7536 ||| RETREEEEATING.
  7538 | D:10     | 7538 ||| INVOKING Finesse.
  7604 | D:10     | Found a glowing silver altar of Zin.
  7625 | D:10     | Reached ***** piety under Okawaru
  7663 | D:10     | Found a staircase to the Lair.
  7696 | D:10     | 7696 ||| INVOKING Finesse.
  7751 | D:10     | Found a glowing golden altar of the Shining One.
  7764 | D:10     | Reached skill level 12 in Dodging
  7992 | D:10     | Noticed a glowing orange brain
  7992 | D:10     | Noticed a purple ugly thing
  8088 | D:10     | Noticed a purple ugly thing
  8089 | D:10     | Noticed a white ugly thing
  8095 | D:10     | 8095 ||| PLANNING LAIR
  8095 | D:10     | 8095 ||| READING scroll of identify.
  8095 | D:10     | 8095 ||| IDENTIFYING gluggy clear potion
  8126 | Lair:1   | Entered Level 1 of the Lair of Beasts
  8167 | Lair:1   | Noticed a cane toad
  8168 | Lair:1   | 8168 ||| INVOKING Finesse.
  8175 | Lair:1   | Killed a cane toad
  8245 | Lair:1   | 8245 ||| RETREEEEATING.
  8246 | Lair:1   | 8246 ||| RETREEEEATING.
  8247 | Lair:1   | 8247 ||| RETREEEEATING.
  8248 | Lair:1   | 8248 ||| RETREEEEATING.
  8269 | Lair:1   | Reached XP level 11. HP: 53/53 MP: 18/18
  8278 | Lair:1   | Noticed a great orb of eyes
  8309 | Lair:1   | Noticed a large abomination
  8322 | Lair:1   | Found a transporter.
  8333 | Lair:1   | Found a one-way gate to the infinite horrors of the Abyss.
  8333 | Lair:1   | Noticed qw's ghost (novice DjHu)
  8334 | Lair:1   | Noticed a rakshasa
  8339 | Lair:1   | Found a transporter.
  8494 | Lair:1   | 8494 ||| RETREEEEATING.
  8496 | Lair:1   | 8496 ||| RETREEEEATING.
  8498 | Lair:1   | 8498 ||| RETREEEEATING.
  8501 | Lair:1   | 8501 ||| RETREEEEATING.
  8502 | Lair:1   | 8502 ||| RETREEEEATING.
  8503 | Lair:1   | 8503 ||| RETREEEEATING.
  8504 | Lair:1   | 8504 ||| RETREEEEATING.
  8505 | Lair:1   | 8505 ||| RETREEEEATING.
  8507 | Lair:1   | 8507 ||| RETREEEEATING.
  8523 | Lair:1   | 8523 ||| RETREEEEATING.
  8841 | Lair:1   | Noticed a sixfirhy
  8887 | Lair:2   | Found a frozen archway.
  8891 | Lair:2   | 8891 ||| STAIRDANCE
  8903 | Lair:2   | 8903 ||| STAIRDANCE
  8913 | Lair:2   | 8913 ||| STAIRDANCE
  8920 | Lair:2   | Reached skill level 12 in Ranged Weapons
  8920 | Lair:2   | 8920 ||| STAIRDANCE
  8924 | Lair:1   | Reached skill level 9 in Invocations
  8936 | Lair:2   | 8936 ||| STAIRDANCE
  8939 | Lair:1   | Received a gift from Okawaru
  8946 | Lair:2   | 8946 ||| STAIRDANCE
  8958 | Lair:2   | 8958 ||| STAIRDANCE
  8968 | Lair:2   | 8968 ||| STAIRDANCE
  9069 | Lair:2   | 9069 ||| RETREEEEATING.
  9070 | Lair:2   | 9070 ||| RETREEEEATING.
  9071 | Lair:2   | 9071 ||| RETREEEEATING.
  9072 | Lair:2   | 9072 ||| RETREEEEATING.
  9073 | Lair:2   | 9073 ||| RETREEEEATING.
  9074 | Lair:2   | 9074 ||| RETREEEEATING.
  9075 | Lair:2   | 9075 ||| RETREEEEATING.
  9076 | Lair:2   | 9076 ||| RETREEEEATING.
  9077 | Lair:2   | 9077 ||| RETREEEEATING.
  9144 | Lair:2   | 9144 ||| RETREEEEATING.
  9145 | Lair:2   | 9145 ||| RETREEEEATING.
  9147 | Lair:2   | 9147 ||| RETREEEEATING.
  9148 | Lair:2   | 9148 ||| RETREEEEATING.
  9150 | Lair:2   | 9150 ||| RETREEEEATING.
  9151 | Lair:2   | 9151 ||| RETREEEEATING.
  9152 | Lair:2   | 9152 ||| RETREEEEATING.
  9154 | Lair:2   | 9154 ||| RETREEEEATING.
  9156 | Lair:2   | 9156 ||| RETREEEEATING.
  9158 | Lair:2   | 9158 ||| RETREEEEATING.
  9160 | Lair:2   | 9160 ||| RETREEEEATING.
  9162 | Lair:2   | 9162 ||| RETREEEEATING.
  9163 | Lair:2   | 9163 ||| RETREEEEATING.
  9165 | Lair:2   | 9165 ||| RETREEEEATING.
  9201 | Lair:2   | Received a gift from Okawaru
  9202 | Lair:2   | Reached skill level 13 in Dodging
  9339 | Lair:2   | 9339 ||| RETREEEEATING.
  9342 | Lair:2   | 9342 ||| RETREEEEATING.
  9343 | Lair:2   | 9343 ||| RETREEEEATING.
  9344 | Lair:2   | 9344 ||| RETREEEEATING.
  9345 | Lair:2   | 9345 ||| RETREEEEATING.
  9346 | Lair:2   | 9346 ||| RETREEEEATING.
  9348 | Lair:2   | 9348 ||| RETREEEEATING.
  9349 | Lair:2   | 9349 ||| RETREEEEATING.
  9351 | Lair:2   | 9351 ||| RETREEEEATING.
  9352 | Lair:2   | 9352 ||| RETREEEEATING.
  9353 | Lair:2   | 9353 ||| RETREEEEATING.
  9365 | Lair:2   | 9365 ||| INVOKING Finesse.
  9477 | Lair:2   | Reached XP level 12. HP: 60/60 MP: 20/20
  9527 | Lair:2   | 9527 ||| RETREEEEATING.
  9529 | Lair:2   | 9529 ||| RETREEEEATING.
  9530 | Lair:2   | 9530 ||| RETREEEEATING.
  9532 | Lair:2   | 9532 ||| RETREEEEATING.
  9533 | Lair:2   | 9533 ||| RETREEEEATING.
  9576 | Lair:2   | Found a staircase to the Snake Pit.
  9905 | Lair:2   | 9905 ||| READING 4 scrolls labelled WEHO VEERU SOG.
  9906 | Lair:2   | 9906 ||| DRINKING 2 fuming white potions.
  9907 | Lair:2   | 9907 ||| DROPPING 3 scrolls of noise.
  9937 | Lair:3   | Noticed a six-headed hydra
  9938 | Lair:3   | 9938 ||| INVOKING Finesse.
  9945 | Lair:3   | Killed a six-headed hydra
 10033 | Lair:3   | 10033 ||| INVOKING Finesse.
 10111 | Lair:3   | 10111 ||| RETREEEEATING.
 10112 | Lair:3   | 10112 ||| INVOKING Finesse.
 10113 | Lair:3   | 10113 ||| INVOKING Heroism.
 10167 | Lair:3   | Found a staircase to the Swamp.
 10191 | Lair:3   | 10191 ||| RETREEEEATING.
 10192 | Lair:3   | 10192 ||| RETREEEEATING.
 10193 | Lair:3   | 10193 ||| RETREEEEATING.
 10194 | Lair:3   | 10194 ||| RETREEEEATING.
 10197 | Lair:3   | 10197 ||| RETREEEEATING.
 10198 | Lair:3   | 10198 ||| RETREEEEATING.
 10199 | Lair:3   | 10199 ||| RETREEEEATING.
 10205 | Lair:3   | 10205 ||| RETREEEEATING.
 10206 | Lair:3   | 10206 ||| RETREEEEATING.
 10207 | Lair:3   | 10207 ||| RETREEEEATING.
 10208 | Lair:3   | 10208 ||| RETREEEEATING.
 10232 | Lair:3   | 10232 ||| RETREEEEATING.
 10245 | Lair:3   | Received a gift from Okawaru
 10254 | Lair:3   | Reached skill level 14 in Dodging
 10482 | Lair:3   | Found a transporter.
 10486 | Lair:3   | Noticed a boulder beetle
 10487 | Lair:3   | 10487 ||| INVOKING Finesse.
 10517 | Lair:3   | Killed a boulder beetle
 10518 | Lair:3   | Reached skill level 6 in Fighting
 10554 | Lair:3   | Noticed a four-headed hydra
 10555 | Lair:3   | 10555 ||| INVOKING Finesse.
 10562 | Lair:3   | Killed a four-headed hydra
 10588 | Lair:3   | Found a transporter.
 10590 | Lair:3   | Found a bloodstained altar of Trog.
 10798 | Lair:3   | Noticed qw's ghost (journeyman DEHu)
 10935 | Lair:4   | 10935 ||| RETREEEEATING.
 10936 | Lair:4   | 10936 ||| RETREEEEATING.
 10937 | Lair:4   | 10937 ||| RETREEEEATING.
 10951 | Lair:4   | HP: 15/61 [elephant (5)]
 10952 | Lair:4   | 10952 ||| READING scroll of teleportation.
 10953 | Lair:4   | 10953 ||| DRINKING 2 potions of heal wounds.
 11116 | Lair:4   | Received a gift from Okawaru
 11117 | Lair:4   | Reached skill level 15 in Ranged Weapons
 11283 | Lair:4   | Reached skill level 15 in Dodging
 11283 | Lair:4   | Reached XP level 13. HP: 59/65 MP: 21/21
 11396 | Lair:4   | 11396 ||| RETREEEEATING.
 11397 | Lair:4   | 11397 ||| INVOKING Finesse.
 11561 | Lair:4   | 11561 ||| DRINKING potion of cancellation.
 11589 | Lair:4   | 11589 ||| RETREEEEATING.
 11590 | Lair:4   | 11590 ||| INVOKING Finesse.
 11605 | Lair:4   | 11605 ||| INVOKING Heroism.
 11614 | Lair:4   | Received a gift from Okawaru
 12232 | Lair:4   | 12232 ||| READING 4 scrolls of identify.
 12232 | Lair:4   | 12232 ||| IDENTIFYING bubbling sapphire potion
 12233 | Lair:4   | 12233 ||| READING 3 scrolls of identify.
 12233 | Lair:4   | 12233 ||| IDENTIFYING emerald potion
 12234 | Lair:4   | 12234 ||| READING 2 scrolls of identify.
 12234 | Lair:4   | 12234 ||| IDENTIFYING 2 smoky ruby potions
 12235 | Lair:4   | 12235 ||| DROPPING potion of invisibility.
 12236 | Lair:4   | 12236 ||| DROPPING 2 potions of lignification.
 12308 | Lair:5   | Entered Level 5 of the Lair of Beasts
 12311 | Lair:5   | 12311 ||| INVOKING Finesse.
 12424 | Lair:5   | 12424 ||| RETREEEEATING.
 12425 | Lair:5   | 12425 ||| RETREEEEATING.
 12426 | Lair:5   | 12426 ||| RETREEEEATING.
 12427 | Lair:5   | 12427 ||| RETREEEEATING.
 12428 | Lair:5   | 12428 ||| RETREEEEATING.
 12429 | Lair:5   | 12429 ||| RETREEEEATING.
 12430 | Lair:5   | 12430 ||| RETREEEEATING.
 12431 | Lair:5   | 12431 ||| RETREEEEATING.
 12432 | Lair:5   | 12432 ||| RETREEEEATING.
 12433 | Lair:5   | 12433 ||| RETREEEEATING.
 12434 | Lair:5   | 12434 ||| RETREEEEATING.
 12435 | Lair:5   | 12435 ||| RETREEEEATING.
 12436 | Lair:5   | 12436 ||| RETREEEEATING.
 12437 | Lair:5   | 12437 ||| RETREEEEATING.
 12438 | Lair:5   | 12438 ||| RETREEEEATING.
 12439 | Lair:5   | 12439 ||| RETREEEEATING.
 12440 | Lair:5   | 12440 ||| RETREEEEATING.
 12441 | Lair:5   | 12441 ||| RETREEEEATING.
 12448 | Lair:5   | 12448 ||| RETREEEEATING.
 12449 | Lair:5   | 12449 ||| RETREEEEATING.
 12450 | Lair:5   | 12450 ||| RETREEEEATING.
 12451 | Lair:5   | 12451 ||| RETREEEEATING.
 12452 | Lair:5   | 12452 ||| INVOKING Finesse.
 12455 | Lair:5   | 12455 ||| RETREEEEATING.
 12458 | Lair:5   | Reached skill level 16 in Dodging
 12460 | Lair:5   | 12460 ||| RETREEEEATING.
 12461 | Lair:5   | 12461 ||| RETREEEEATING.
 12462 | Lair:5   | 12462 ||| RETREEEEATING.
 12572 | Lair:5   | 12572 ||| STAIRDANCE
 12635 | Lair:5   | 12635 ||| RETREEEEATING.
 12636 | Lair:5   | 12636 ||| RETREEEEATING.
 12637 | Lair:5   | 12637 ||| RETREEEEATING.
 12697 | Lair:5   | 12697 ||| RETREEEEATING.
 12697 | Lair:5   | Found a staircase to the Slime Pits.
 12697 | Lair:5   | Found a viscous altar of Jiyva.
 12698 | Lair:5   | 12698 ||| RETREEEEATING.
 12699 | Lair:5   | 12699 ||| RETREEEEATING.
 12700 | Lair:5   | 12700 ||| RETREEEEATING.
 12701 | Lair:5   | 12701 ||| RETREEEEATING.
 12702 | Lair:5   | 12702 ||| RETREEEEATING.
 12703 | Lair:5   | 12703 ||| RETREEEEATING.
 12704 | Lair:5   | 12704 ||| RETREEEEATING.
 12711 | Lair:5   | 12711 ||| INVOKING Finesse.
 12735 | Lair:5   | 12735 ||| RETREEEEATING.
 12741 | Lair:5   | 12741 ||| RETREEEEATING.
 12742 | Lair:5   | 12742 ||| RETREEEEATING.
 12743 | Lair:5   | 12743 ||| RETREEEEATING.
 12744 | Lair:5   | 12744 ||| RETREEEEATING.
 12745 | Lair:5   | 12745 ||| RETREEEEATING.
 12746 | Lair:5   | 12746 ||| RETREEEEATING.
 12747 | Lair:5   | 12747 ||| RETREEEEATING.
 12748 | Lair:5   | 12748 ||| RETREEEEATING.
 12749 | Lair:5   | 12749 ||| RETREEEEATING.
 12750 | Lair:5   | 12750 ||| RETREEEEATING.
 12751 | Lair:5   | 12751 ||| RETREEEEATING.
 12752 | Lair:5   | 12752 ||| RETREEEEATING.
 12753 | Lair:5   | 12753 ||| RETREEEEATING.
 12754 | Lair:5   | 12754 ||| RETREEEEATING.
 12755 | Lair:5   | 12755 ||| RETREEEEATING.
 12756 | Lair:5   | 12756 ||| RETREEEEATING.
 12757 | Lair:5   | 12757 ||| RETREEEEATING.
 12758 | Lair:5   | 12758 ||| RETREEEEATING.
 12759 | Lair:5   | 12759 ||| RETREEEEATING.
 12760 | Lair:5   | 12760 ||| RETREEEEATING.
 12761 | Lair:5   | 12761 ||| RETREEEEATING.
 12762 | Lair:5   | 12762 ||| RETREEEEATING.
 12763 | Lair:5   | 12763 ||| RETREEEEATING.
 12764 | Lair:5   | 12764 ||| RETREEEEATING.
 12765 | Lair:5   | 12765 ||| RETREEEEATING.
 12766 | Lair:5   | 12766 ||| RETREEEEATING.
 12767 | Lair:5   | 12767 ||| RETREEEEATING.
 12768 | Lair:5   | 12768 ||| RETREEEEATING.
 12769 | Lair:5   | 12769 ||| RETREEEEATING.
 12770 | Lair:5   | 12770 ||| RETREEEEATING.
 12771 | Lair:5   | 12771 ||| RETREEEEATING.
 12772 | Lair:5   | 12772 ||| RETREEEEATING.
 12773 | Lair:5   | 12773 ||| RETREEEEATING.
 12774 | Lair:5   | 12774 ||| RETREEEEATING.
 12775 | Lair:5   | 12775 ||| INVOKING Heroism.
 12781 | Lair:5   | 12781 ||| RETREEEEATING.
 12786 | Lair:5   | 12786 ||| RETREEEEATING.
 12787 | Lair:5   | 12787 ||| RETREEEEATING.
 12788 | Lair:5   | 12788 ||| RETREEEEATING.
 12789 | Lair:5   | 12789 ||| RETREEEEATING.
 12790 | Lair:5   | 12790 ||| RETREEEEATING.
 12791 | Lair:5   | 12791 ||| RETREEEEATING.
 12792 | Lair:5   | 12792 ||| RETREEEEATING.
 12793 | Lair:5   | 12793 ||| RETREEEEATING.
 12794 | Lair:5   | 12794 ||| RETREEEEATING.
 12795 | Lair:5   | 12795 ||| RETREEEEATING.
 12796 | Lair:5   | 12796 ||| RETREEEEATING.
 12797 | Lair:5   | 12797 ||| RETREEEEATING.
 12798 | Lair:5   | 12798 ||| RETREEEEATING.
 12799 | Lair:5   | 12799 ||| RETREEEEATING.
 12800 | Lair:5   | 12800 ||| RETREEEEATING.
 12801 | Lair:5   | 12801 ||| RETREEEEATING.
 12802 | Lair:5   | 12802 ||| RETREEEEATING.
 12803 | Lair:5   | 12803 ||| RETREEEEATING.
 12804 | Lair:5   | 12804 ||| RETREEEEATING.
 12805 | Lair:5   | 12805 ||| RETREEEEATING.
 12806 | Lair:5   | 12806 ||| RETREEEEATING.
 12807 | Lair:5   | 12807 ||| RETREEEEATING.
 12808 | Lair:5   | 12808 ||| RETREEEEATING.
 12809 | Lair:5   | 12809 ||| RETREEEEATING.
 12810 | Lair:5   | 12810 ||| RETREEEEATING.
 12811 | Lair:5   | 12811 ||| INVOKING Finesse.
 12816 | Lair:5   | 12816 ||| RETREEEEATING.
 12817 | Lair:5   | 12817 ||| RETREEEEATING.
 12818 | Lair:5   | 12818 ||| RETREEEEATING.
 12819 | Lair:5   | 12819 ||| RETREEEEATING.
 12820 | Lair:5   | 12820 ||| RETREEEEATING.
 12821 | Lair:5   | 12821 ||| RETREEEEATING.
 12822 | Lair:5   | 12822 ||| RETREEEEATING.
 12823 | Lair:5   | 12823 ||| RETREEEEATING.
 12824 | Lair:5   | 12824 ||| RETREEEEATING.
 12825 | Lair:5   | 12825 ||| RETREEEEATING.
 12826 | Lair:5   | 12826 ||| RETREEEEATING.
 12827 | Lair:5   | 12827 ||| RETREEEEATING.
 12832 | Lair:5   | 12832 ||| RETREEEEATING.
 12833 | Lair:5   | 12833 ||| RETREEEEATING.
 12834 | Lair:5   | 12834 ||| RETREEEEATING.
 12835 | Lair:5   | 12835 ||| RETREEEEATING.
 12836 | Lair:5   | 12836 ||| RETREEEEATING.
 12837 | Lair:5   | 12837 ||| RETREEEEATING.
 12838 | Lair:5   | 12838 ||| RETREEEEATING.
 12839 | Lair:5   | 12839 ||| RETREEEEATING.
 12840 | Lair:5   | 12840 ||| RETREEEEATING.
 12841 | Lair:5   | 12841 ||| RETREEEEATING.
 12842 | Lair:5   | 12842 ||| RETREEEEATING.
 12843 | Lair:5   | 12843 ||| RETREEEEATING.
 12845 | Lair:5   | Reached skill level 17 in Dodging
 12847 | Lair:5   | 12847 ||| RETREEEEATING.
 12848 | Lair:5   | 12848 ||| RETREEEEATING.
 12849 | Lair:5   | 12849 ||| RETREEEEATING.
 12850 | Lair:5   | 12850 ||| RETREEEEATING.
 12851 | Lair:5   | 12851 ||| RETREEEEATING.
 12852 | Lair:5   | 12852 ||| RETREEEEATING.
 12853 | Lair:5   | 12853 ||| RETREEEEATING.
 12854 | Lair:5   | 12854 ||| RETREEEEATING.
 12858 | Lair:5   | 12858 ||| INVOKING Heroism.
 12859 | Lair:5   | 12859 ||| DRINKING potion of haste.
 12864 | Lair:5   | 12864 ||| RETREEEEATING.
 12865 | Lair:5   | 12865 ||| RETREEEEATING.
 12866 | Lair:5   | 12866 ||| RETREEEEATING.
 12867 | Lair:5   | 12867 ||| RETREEEEATING.
 12868 | Lair:5   | 12868 ||| RETREEEEATING.
 12869 | Lair:5   | 12869 ||| RETREEEEATING.
 12870 | Lair:5   | 12870 ||| RETREEEEATING.
 12871 | Lair:5   | 12871 ||| RETREEEEATING.
 12872 | Lair:5   | 12872 ||| RETREEEEATING.
 12873 | Lair:5   | 12873 ||| RETREEEEATING.
 12875 | Lair:5   | 12875 ||| RETREEEEATING.
 12882 | Lair:5   | 12882 ||| RETREEEEATING.
 12883 | Lair:5   | 12883 ||| RETREEEEATING.
 12884 | Lair:5   | 12884 ||| RETREEEEATING.
 12888 | Lair:5   | 12888 ||| RETREEEEATING.
 12889 | Lair:5   | 12889 ||| RETREEEEATING.
 12890 | Lair:5   | 12890 ||| RETREEEEATING.
 12891 | Lair:5   | 12891 ||| RETREEEEATING.
 12892 | Lair:5   | 12892 ||| RETREEEEATING.
 12893 | Lair:5   | 12893 ||| RETREEEEATING.
 12894 | Lair:5   | 12894 ||| RETREEEEATING.
 12895 | Lair:5   | 12895 ||| RETREEEEATING.
 12896 | Lair:5   | 12896 ||| RETREEEEATING.
 12897 | Lair:5   | 12897 ||| RETREEEEATING.
 12946 | Lair:5   | 12946 ||| INVOKING Finesse.
 12963 | Lair:5   | Reached skill level 18 in Dodging
 12972 | Lair:5   | Received a gift from Okawaru
 13008 | Lair:5   | 13008 ||| READING scroll of enchant weapon.
 13008 | Lair:5   | 13008 ||| ENCHANTING +1 orcbow of freezing.
 13029 | Lair:5   | 13029 ||| INVOKING Finesse.
 13037 | Lair:5   | Reached XP level 14. HP: 72/72 MP: 17/22
 13219 | Lair:5   | Paralysed by a hornet for 1 turns
 13220 | Lair:5   | HP: 11/72 [wolf spider (10)]
 13221 | Lair:5   | 13221 ||| DRINKING potion of heal wounds.
 13225 | Lair:5   | HP: 11/72 [poisoned by a hornet]
 13228 | Lair:5   | Slain by a wolf spider

Levels and vault maps discovered:
D:1:      dpeg_arrival_pond, layout_basic, st_stairs_8
D:2:      layout_basic, grunt_ministairs_11
D:3:      layout_loops_ring, mainiacjoe_overflow_boulevard,
          mainiacjoe_overflow_alcove_4, cheibrodos_sewer_entry_drain,
          serial_shops, nicolae_shop_rolling_square, minmay_fountain_box
D:4:      layout_loops_ring, minmay_temple_entry_offerings, minmay_snake_closets
D:5:      layout_loops_ring, serial_shops, nicolae_shop_tiny_glass,
          minivault_23, patterned_corridor
D:6:      layout_basic, general_overflow_altar, trog_hazing_becter,
          ashenzari_conservatory_becter, serial_library_hellmonk_reading_circle,
          minivault_19, nrook_mini_backslash
D:7:      layout_basic, nicolae_figureground_sparkle
D:8:      layout_layer_cave, nemelex_spade_bored_becter, enter_bailey_5,
          uniq_jeremiah
D:9:      layout_irregular_city, gammafunk_ghost_split, serial_shops,
          kennysheep_mini, serial_column_ruins, column_ruins_columns_straight,
          column_ruins_grid_1, column_ruins_grid_4, column_ruins_grid_3
D:10:     layout_cave_pools, kennysheep_little_box, zin_academy,
          erik_lair_orcish_takeover,
          ploomutoo_gammafunk_ghost_potion_laboratory, serial_shops,
          nicolae_shop_tiny_real_fake_doors, grunt_ogre_cave
Temple:   nicolae_temple_ecumenical_triangle
Lair:1:   layout_loops_ring, gammafunk_ghost_abyssal_escape, st_stairs_7,
          beast_lair_carwin_3
Lair:2:   layout_big_grid, dummy_snake_entry, portal_ice_cave_entry_imps,
          lemuel_fruit_tree
Lair:3:   beast_lair_carwin_large_4, layout_chaotic_city, swamp_mist,
          gammafunk_ghost_wrathful_warriors
Lair:4:   layout_big_grid, st_stairs_6, chequers_serial_rivers_micro_e,
          serial_bayou_lake_a
Lair:5:   hangedman_lair_tendril_chambers, layout_gridlike,
          guppyfry_lair_end_dragon, nicolae_slime_entry_slimehenge,
          serial_bayou_shore_a, infiniplex_staircase_pool

Skill      XL: |  1  2  3  4  5  6  7  8  9 10 11 12 13 |
---------------+----------------------------------------+-----
Dodging        | 3 4 5 6 7 8 11 12 13 15 18 | 18.0
Ranged Weapons | 5 6 7 8 9 10 11 13 15 16 | 16.0
Fighting       | 2 3 4 5 6 7 |  7.8
Invocations    | 4 5 8 10 | 10.0
Armour         | 1 |  1.0
Stealth        | |  1.5

Action                     |  1- 3 |  4- 6 |  7- 9 | 10-12 | 13-15 || total
---------------------------+-------+-------+-------+-------+-------++-------
   Fire: Shortbow          |    94 |   144 |   256 |       |       ||   494
         Orcbow            |       |       |   162 |   961 |   553 ||  1676
 Invoke: Finesse           |       |       |       |     9 |     8 ||    17
         Heroism           |       |       |       |     1 |     3 ||     4
    Use: Scroll            |     6 |     5 |     7 |     6 |     4 ||    28
         Potion            |     2 |     1 |     2 |     5 |     3 ||    13
 Armour: Robe              |    16 |     8 |       |       |       ||    24
         Troll leather arm |       |     9 |    71 |   182 |    87 ||   349
  Dodge: Dodged            |    35 |    58 |   220 |   697 |   437 ||  1447

Table legend:
 A = Non-vault XP
 B = Vault XP
 C = Vault XP percentage of total XP
 D = Non-vault monster count
 E = Vault monster count
 F = Vault count percentage of total count
                 A         B        C        D         E       F
            +---------+---------+-------+---------+---------+-------
      Total |   52871 |   14507 |  21.5 |     359 |     124 |  25.7
            +---------+---------+-------+---------+---------+-------
        D:1 |      45 |       3 |   6.2 |      23 |       2 |   8.0
        D:2 |      46 |       1 |   2.1 |      14 |       1 |   6.7
        D:3 |     267 |       7 |   2.6 |      26 |       3 |  10.3
        D:4 |      54 |     175 |  76.4 |       7 |      14 |  66.7
        D:5 |     545 |       0 |   0.0 |      17 |       0 |   0.0
        D:6 |    1496 |      10 |   0.7 |      34 |       6 |  15.0
        D:7 |    1552 |       0 |   0.0 |      26 |       0 |   0.0
        D:8 |    1413 |     402 |  22.1 |      15 |       5 |  25.0
        D:9 |     791 |       0 |   0.0 |      14 |       0 |   0.0
       D:10 |    1715 |     647 |  27.4 |      29 |      10 |  25.6
     Lair:1 |    2891 |    1175 |  28.9 |      17 |      18 |  51.4
     Lair:2 |    9528 |      20 |   0.2 |      38 |       2 |   5.0
     Lair:3 |    5193 |    3167 |  37.9 |      15 |      16 |  51.6
     Lair:4 |   14863 |     854 |   5.4 |      47 |       2 |   4.1
     Lair:5 |   12472 |    7815 |  38.5 |      37 |      37 |  50.0
      Sewer |       0 |     231 | 100.0 |       0 |       8 | 100.0
            +---------+---------+-------+---------+---------+-------
